 Dungeon Crawl Stone Soup version 0.31-a0-765-g67fe2935dc (webtiles) character file.

Game seed: 5179647863533764613

77 Midn8 the Cudgeller (level 4, -1/35 HPs)
             Began as a Demonspawn Chaos Knight on Sept 15, 2023.
             Was a Plaything of Xom.
             Slain by an orc priest
             ... wielding a +0 mace
              (12 damage)
             ... on level 3 of the Dungeon.
             The game lasted 00:03:59 (1972 turns).

Midn8 the Cudgeller (Demonspawn Chaos Knight)       Turns: 1972, Time: 00:04:00

Health: -1/35      AC:  5    Str: 14    XL:     4   Next: 14%
Magic:  4/4        EV: 11    Int: 17    God:    Xom [..*...]
Gold:   103        SH:  0    Dex: 11    Spells: 3/3 levels left

rFire   + . .        a - +1 mace (chaos)
rCold   + . .        (no shield)
rNeg    . . .        b - +2 leather armour
rPois   +            (no helmet)
rElec   +            (no cloak)
rCorr   +            (no gloves)
SInv    .            (no boots)
Will    .....        (no amulet)
Stlth   +            (no ring)
HPRegen 0.25/turn    (no ring)
MPRegen 0.09/turn

%: clarity
@: brilliant, resistant
A: hooves 1, demonic magic 1, clarity, clever 1, high MP 1, wild magic 1,
evolution 1
a: Renounce Religion


You were on level 3 of the Dungeon.
You worshipped Xom.
You were a toy of Xom.
You visited 1 branch of the dungeon, and saw 3 of its levels.

You collected 103 gold pieces.

Inventory:

Hand Weapons
 a - a +1 mace of chaos (weapon)
 e - a +0 sling
Missiles
 j - 2 poisoned darts
Armour
 b - a +2 leather armour (worn)
 d - a +0 ring mail
Scrolls
 c - a scroll of butterflies
 f - a scroll of vulnerability {unknown}
 g - 2 scrolls of poison {unknown}
 h - 2 scrolls of identify {unknown}
 i - a scroll of torment {unknown}
 k - a scroll of amnesia {unknown}
 l - a scroll of enchant weapon
 n - a scroll of teleportation {unknown}
 o - a scroll of fear {unknown}
 r - 2 scrolls of fog {unknown}
Potions
 m - 2 potions of resistance


   Skills:
 - Level 3.0 Fighting
 + Level 4.5 Maces & Flails
 - Level 1.8 Armour
 - Level 1.0 Dodging


You had 3 spell levels left.
You didn't know any spells.
Your spell library contained the following spells:

 Spells                   Type           Power      Damage    Failure   Level
 Sandblast                Erth           0%         2d4       36%         1
 Passwall                 Tmut/Erth      0%         N/A       50%         2
 Stone Arrow              Conj/Erth      0%         3d7       73%         3


Dungeon Overview and Level Annotations

Branches:
Dungeon (3/15)

Altars:

Annotations:
D:3 2 transporters


Innate Abilities, Weirdness & Mutations

You have large cloven feet.
Spells you cast may paralyse adjacent enemies.
You possess an exceptional clarity of mind.
Your mind is acute. (Int +4, Str/Dex -1)
You have an increased reservoir of magic. (+10% MP)
Your spells are a little harder to cast, but a little more powerful.
You have hidden genetic potential.


Message History

a +0 short sword; a +0 leather armour You hit the orc priest.
The orc priest seems to grow stronger.
The orc priest is lightly wounded.
The orc priest hits you with a +0 mace!
You hit the orc priest.
The orc priest is poisoned.
The orc priest is lightly wounded.
The orc priest mumbles some strange prayers to Beogh against you.
Pain shoots through your body!
* * * LOW HITPOINT WARNING * * *
The orc wizard casts a spell at you.
You feel momentarily confused.
It was a potion of resistance.
You feel protected.
Xom thinks this is hilarious!
The orc priest miscasts a cantrip.
The orc wizard hits you with a +0 dagger.
* * * LOW HITPOINT WARNING * * *
It was a potion of brilliance.
You feel clever all of a sudden.
Xom thinks this is hilarious!
It was a potion of ambrosia.
You are confused.
You feel invigorated.
Xom roars with laughter!
The orc priest barely misses you.
The orc wizard hits you but does no damage.
You miss the orc wizard. You kick the orc wizard.
The orc wizard is moderately wounded.
The orc priest barely misses you. The orc wizard casts a spell at you.
The magic dart hits you!
* * * LOW HITPOINT WARNING * * *
The orc priest attacks as it pursues you!
The orc priest hits you with a +0 mace.
* * * LOW HITPOINT WARNING * * *
You bump into the rock wall.
You feel less invigorated.
You feel less confused. The orc priest hits you with a +0 mace!
You die...
Xom bursts into laughter!

#...#...###.......####........###
'...'........................>'..
#...##################........###
#...# #...# #.######.###
########### #...# #.# #....
......o...######...# #.######.###
#########....#.)...# #.#....#.###
####...#oo.###.#.##.#...#
####...#@....#...##.#.#.#
##....#.#####.######...#..
####...###.#.....#..#####.###
#....©(....#.##..#......#.# #
#.#######........#...##.#.# #
#.#8.©.8#..#.....#<...#.#.#
#.#P.?.P#..#..#########.#.###
#.###+###..#..........#...#..
#.#S...S#..##...#####.###.#.#


You could see an orc priest (strong, poisoned) and an orc wizard.

Vanquished Creatures
  2 adders
  A dart slug (D:1)
  An orc (D:3)
  4 endoplasms
  6 hobgoblins
  4 jackals (D:1)
  4 kobolds
  4 quokkas
  3 ball pythons (D:1)
  6 bats
  2 frilled lizards
  6 goblins
  12 rats
55 creatures vanquished.

Notes
Turn   | Place    | Note
-------+----------+-------------------------------------------
     0 | D:1      | Midn8 the Demonspawn Chaos Knight began the quest for the
                  | Orb.
     0 | D:1      | Reached XP level 1. HP: 18/18 MP: 1/1
     2 | D:1      | XOM: silly message
    18 | D:1      | XOM: silly message
   119 | D:1      | Reached skill level 1 in Dodging
   195 | D:1      | XOM: silly message
   245 | D:1      | Reached skill level 3 in Maces & Flails
   264 | D:1      | Gained mutation: You have large cloven feet. [demonic
                  | ancestry]
   264 | D:1      | Reached XP level 2. HP: 21/24 MP: 2/2
   300 | D:1      | XOM: silly message
   456 | D:1      | XOM: silly message
   479 | D:1      | XOM: 2-stop teleportation journey
   498 | D:1      | XOM: fog
   530 | D:1      | Gained mutation: Spells you cast may paralyse adjacent
                  | enemies. [demonic ancestry]
   530 | D:1      | Reached XP level 3. HP: 29/29 MP: 3/3
   565 | D:1      | XOM: give mutations
   565 | D:1      | Gained mutation: Your spells are a little harder to cast,
                  | but a little more powerful. [Xom's grace]
   565 | D:1      | Gained mutation: You have an increased reservoir of magic.
                  | (+10% MP) [Xom's grace]
   565 | D:1      | Gained mutation: You have hidden genetic potential. [Xom's
                  | grace]
   565 | D:1      | Gained mutation: Your mind is acute. (Int +4, Str/Dex -1)
                  | [Xom's grace]
   569 | D:1      | XOM: scenery: 1 doors close
   661 | D:1      | XOM: summons 2 hostile demons
  1014 | D:2      | Reached skill level 4 in Maces & Flails
  1210 | D:2      | XOM: scenery: summon butterflies
  1390 | D:2      | Found a faded altar of an unknown god.
  1705 | D:3      | Found a transporter.
  1754 | D:3      | Found a transporter.
  1802 | D:3      | Reached XP level 4. HP: 35/35 MP: 4/4
  1806 | D:3      | Gained mutation: You possess an exceptional clarity of
                  | mind. [hidden potential]
  1972 | D:3      | Slain by an orc priest

Illustrated notes

Levels and vault maps discovered:
D:1:      dpeg_arrival_radiant, layout_basic
D:2:      layout_basic, shapermc_ecumenical_altar_hornbeckon
D:3:      gammafunk_steamed_eel, layout_basic, minmay_misc_feat_rugged,
          columned_hall_lemuel

Skill      XL: |  1  2  3 |
---------------+----------+-----
Dodging        | 1 |  1.0
Maces & Flails | 3 4 |  4.5
Fighting       | |  3.0
Armour         | |  1.8

Action                     |  1- 3 |  4- 6 || total
---------------------------+-------+-------++-------
  Melee: Mace              |   154 |     7 ||   161
         Kick              |    21 |     2 ||    23
    Use: Scroll            |     1 |       ||     1
         Potion            |       |     3 ||     3
 Armour: Leather armour    |   102 |     6 ||   108
  Dodge: Dodged            |   114 |     5 ||   119

Table legend: (Time is in decaauts)
 A = Elapsed time spent in this place.
 B = Non-inter-level travel time spent in this place.
 C = Inter-level travel time spent in this place.
 D = Time resting spent in this place.
 E = Time spent auto-exploring this place.
 F = Levels seen in this place.
 G = Mean time per level.
                   A        B        C        D        E       F      G
               +--------+--------+--------+--------+--------+-----+--------+
         Total |   2015 |   1931 |     84 |    158 |   1302 |   3 |  671.7 |
       Dungeon |   2015 |   1931 |     84 |    158 |   1302 |   3 |  671.7 |
               +--------+--------+--------+--------+--------+-----+--------+

Top non-repeatable levels by time:
     D:1: 839 daAuts
     D:2: 722 daAuts
     D:3: 453 daAuts
